 Dungeon Crawl Stone Soup version 0.16.1-28-gcc2312f (webtiles) character file.

268 Kidiri the Sneak (level 6, 0/41 HPs)
             Began as a Halfling Assassin on May 28, 2015.
             Slain by an orc priest
             ... wielding a +0 short sword
              (2 damage)
             ... on level 4 of the Dungeon.
             The game lasted 00:17:22 (3286 turns).

Kidiri the Sneak (Halfling Assassin)                Turns: 3286, Time: 00:17:25

Health: 0/41       AC:  3    Str: 11    XL:     6   Next: 45%
Magic:  6/6        EV: 16    Int: 11    God:
Gold:   138        SH:  0    Dex: 17    Spells: 0 memorised, 5 levels left

rFire  . . .     SeeInvis .     o - +1 short sword (freeze)
rCold  . . .     Clarity  .     c - +0 robe
rNeg   . . .     SustAb   .     (no shield)
rPois  .         Gourm    .     (no helmet)
rElec  .         Spirit   .     d - +0 cloak
rCorr  .         Warding  .     (no gloves)
rMut   .         Stasis   .     (no boots)
MR     .....                    (no amulet)
Stlth  ++++......               (no ring)
                                (no ring)

@: not resistant to hostile enchantments, stealthy
A: mutation resistance 1
a: no special abilities


You were on level 4 of the Dungeon.
You were not hungry.

You visited 1 branch of the dungeon, and saw 4 of its levels.

You collected 138 gold pieces.

Inventory:

Hand weapons
 a - a +3 dagger
 b - a +0 blowgun
 n - a +0 mace of holy wrath
 o - a +1 short sword of freezing (weapon)
Missiles
 e - 8 poisoned needles
 f - 2 curare-tipped needles
Armour
 c - a +0 robe (worn)
 d - a +0 cloak (worn)
Jewellery
 w - an uncursed ring of protection from fire {unknown}
Magical devices
 v - a wand of magic darts (19)
Scrolls
 h - 2 scrolls of remove curse
 l - 2 scrolls of teleportation {unknown}
 u - a scroll of blinking
Potions
 i - a potion of cancellation {unknown}
 j - a potion of resistance {unknown}
 k - a potion of agility
 p - a potion of haste {unknown}
 q - a potion of curing
 r - a potion of ambrosia {unknown}
 s - a potion of beneficial mutation {unknown}
Comestibles
 g - 4 bread rations
 t - a royal jelly


   Skills:
 + Level 2.5 Fighting
 * Level 4.8 Short Blades
 + Level 3.7 Throwing
 * Level 3.1 Dodging
 * Level 5.8 Stealth


You had 5 spell levels left.
You didn't know any spells.

Dungeon Overview and Level Annotations

Branches:
Dungeon (4/15)
 Temple: D:4-7

Altars:
Fedhas
Makhleb
Ru
Sif Muna
Vehumet


Innate Abilities, Weirdness & Mutations

You are small and have problems with some larger weapons.
You are somewhat resistant to further mutation.


Message History

You hit something.
Reactivating autopickup.
You feel a bit more experienced.
The river rat bites you but does no damage.
The river rat bites you. The river rat closely misses you.
You barely miss the river rat. The rat bites you.
The orc priest completely misses you. The river rat bites you.
The river rat completely misses you. The river rat bites you.
You hit the orc priest but do no damage.
The orc priest is heavily wounded.
The rat closely misses you. The river rat barely misses you.
The orc priest closely misses you. The river rat closely misses you.
You hit the orc priest. You freeze the orc priest.
The orc priest is almost dead.
The river rat bites you!
* * * LOW HITPOINT WARNING * * *
The rat closely misses you. The river rat bites you.
* * * LOW HITPOINT WARNING * * *
The orc priest hits you with a short sword.
You die...

******#### *≈≈≈#≈≈..#
*≈∩≈#≈...# *≈≈≈+≈.≈.#
### ###+#≈≈..#
####.#######
#≈≈≈≈≈...###..........##
#≈≈≈..wr..#............#
#≈≈≈..rrr.#.#...........
#....ro@ro..#...........
####.####o.##...........
*,* #..##............
*,**#.###...........#
*,,.o#* ##).......###
**#..* ###...#### *..#*
##..# **.#* #..# ###
*,** #..####..


You could see a worm, an orc priest, 3 river rats, 2 orcs and 3 rats.

Vanquished Creatures
  A crimson imp (D:3)
  2 orc priests (D:3)
  The ghost of Rayvis the Sneak, a weakling FeEn (D:3)
  An orc wizard (D:4)
  6 adders
  A worm (D:2)
  3 giant geckos
  3 oozes (D:1)
  10 orcs
  4 ball pythons
  4 giant cockroaches
  7 goblins
  3 hobgoblins
  2 jackals (D:4)
  3 quokkas
  6 bats
  5 giant newts
  8 kobolds
  12 rats
82 creatures vanquished.

Notes
Turn   | Place    | Note
--------------------------------------------------------------
     0 | D:1      | Kidiri, the Halfling Assassin, began the quest for the Orb.
     0 | D:1      | Reached XP level 1. HP: 14/14 MP: 1/1
   135 | D:1      | Reached XP level 2. HP: 19/19 MP: 2/2
   325 | D:1      | Reached XP level 3. HP: 15/24 MP: 3/3
   979 | D:2      | Reached XP level 4. HP: 10/29 MP: 4/4
  1226 | D:2      | Found a radiant altar of Vehumet.
  1226 | D:2      | Found a burning altar of Makhleb.
  1418 | D:2      | Reached skill level 5 in Stealth
  1422 | D:2      | Found a blossoming altar of Fedhas.
  1830 | D:2      | Found a sacrificial altar of Ru.
  1998 | D:3      | Reached XP level 5. HP: 34/34 MP: 5/5
  2278 | D:3      | Noticed Rayvis' ghost (weakling FeEn)
  2287 | D:3      | Killed Rayvis' ghost
  2562 | D:3      | Reached XP level 6. HP: 30/40 MP: 6/6
  2885 | D:3      | Found a deep blue altar of Sif Muna.
  3286 | D:4      | HP: 2/41 [river rat (3)]
  3286 | D:4      | Slain by an orc priest

Action                   |  1- 3 |  4- 6 || total
-------------------------+-------+-------++-------
Melee: Dagger            |   124 |    47 ||   171
       Short sword       |       |   132 ||   132
  Use: Potion            |     5 |     3 ||     8
       Scroll            |     4 |     1 ||     5
 Stab: Sleeping          |     7 |     5 ||    12
  Eat: Chunk             |       |     6 ||     6
       Beef jerky        |       |     1 ||     1
